 Dungeon Crawl Stone Soup version 0.21.0-3-g78d12a8 (webtiles) character file.

100 JeffiDaFish the Shooter (level 4, -5/23 HPs)
             Began as a Spriggan Hunter on Jan 17, 2018.
             Slain by an ogre
             ... wielding a +0 giant club
              (15 damage)
             ... on level 4 of the Dungeon.
             The game lasted 00:09:38 (3353 turns).

JeffiDaFish the Shooter (Spriggan Hunter)           Turns: 3353, Time: 00:09:39

Health: -5/23      AC:  2    Str:  8    XL:     4   Next: 47%
Magic:  5/5        EV: 19    Int: 12    God:
Gold:   109        SH:  0    Dex: 17    Spells: 3/3 levels left

rFire    . . .     SeeInvis +   b - +0 short sword
rCold    . . .     Gourm    .   (shield restricted)
rNeg     . . .     Faith    .   c - +0 robe
rPois    .         Spirit   .   (helmet restricted)
rElec    .         Reflect  .   (no cloak)
rCorr    .         Harm     .   (gloves unavailable)
MR       .....                  (boots unavailable)
Stlth    ++........             (no amulet)
HPRegen  0.07/turn              h - ring of flight
MPRegen  0.09/turn              (no ring)

@: very slightly contaminated, invisible, very quick
A: very small, unfitting armour, see invisible, herbivore, speed 3, slow
metabolism 2
a: Evoke Flight


You were on level 4 of the Dungeon.
You were not hungry.

You visited 1 branch of the dungeon, and saw 4 of its levels.

You collected 109 gold pieces.

Inventory:

Hand Weapons
 a - a +1 shortbow
 b - a +0 short sword (weapon)
Armour
 c - a +0 robe (worn)
Jewellery
 h - a ring of flight (left hand)
Scrolls
 d - a scroll of magic mapping
 g - 2 scrolls of identify
 i - a scroll of remove curse
Potions
 e - a potion of might
Comestibles
 f - 3 rations


   Skills:
 - Level 2.1 Fighting
 + Level 0.3 Short Blades
 - Level 6.4 Bows
 * Level 3.5 Dodging
 * Level 2.3 Stealth


You had 3 spell levels left.
You didn't know any spells.

Dungeon Overview and Level Annotations

Branches:
Dungeon (4/15)
 Temple: D:4-7

Altars:

Annotations:
D:3 Ijyb, Robin


Innate Abilities, Weirdness & Mutations

You are very small and have problems with some larger weapons.
You are too small for most types of armour.
You have supernaturally acute eyesight. (SInv)
You are a herbivore.
You cover ground extremely quickly.
You need consume almost no food.


Message History

a - a +1 shortbow (weapon)
Firing (i - inventory): No suitable missiles.
Press: ? - help, Shift-Dir - straight line, f - ogre
Aim: an ogre, wielding a giant club
Okay, then.
Wield which item (- for none, * to show all)? (? for menu, Esc to quit)
b - a +0 short sword (weapon)
You barely miss the ogre. The ogre closely misses you.
You catch the helpless ogre completely off-guard!
You puncture the ogre!
The ogre is moderately wounded.
You hit the ogre.
The ogre is moderately wounded.
The ogre hits you with a giant club!
Ouch! That really hurt!
You hit the ogre.
The ogre is heavily wounded.
The ogre hits you with a giant club!
Ouch! That really hurt!
You die...

..... .... ...# #..#
#..# #
################..# .#
..................# ..#
################.##...#
#.....@.....#
#.####O####.# #.#
####.# #....# #....#
#..%.# #....# #....#


You could see an ogre.

Vanquished Creatures
  5 adders (D:2)
  A worm (D:2)
  A dart slug (D:2)
  An orc (D:3)
  A giant cockroach (D:2)
  12 goblins
  4 hobgoblins
  4 jackals (D:4)
  2 ball pythons
  5 bats (D:2)
  6 frilled lizards
  3 kobolds
  5 rats
50 creatures vanquished.

Notes
Turn   | Place    | Note
-------+----------+-------------------------------------------
     0 | D:1      | JeffiDaFish the Spriggan Hunter began the quest for the Orb.
     0 | D:1      | Reached XP level 1. HP: 10/10 MP: 2/2
   281 | D:1      | Reached skill level 5 in Bows
   522 | D:1      | Reached XP level 2. HP: 15/15 MP: 3/3
   956 | D:2      | Reached XP level 3. HP: 18/18 MP: 4/4
  1036 | D:2      | Reached skill level 6 in Bows
  1786 | D:2      | Reached XP level 4. HP: 22/23 MP: 5/5
  2220 | D:3      | Noticed Robin
  3021 | D:3      | Noticed Ijyb
  3335 | D:4      | Noticed an ogre
  3353 | D:4      | Slain by an ogre

Skill      XL: |  1  2  3  4 |
---------------+-------------+-----
Bows           | 5 6 |  6.4
Fighting       | 2 |  2.1
Stealth        | 2 |  2.3
Short Blades   | |  0.3
Dodging        | |  3.5

Action                   |  1- 3 |  4- 6 || total
-------------------------+-------+-------++-------
Melee: Short sword       |    21 |    38 ||    59
 Fire: Shortbow          |    95 |    26 ||   121
  Use: Potion            |     4 |     2 ||     6
       Scroll            |     5 |     2 ||     7
 Stab: Sleeping          |     1 |     1 ||     2
       Invisible         |       |     1 ||     1
Armor: Robe              |     8 |     6 ||    14
Dodge: Dodged            |    52 |    79 ||   131
